[Event "Titled Tuesday Blitz October 11 Late 2022"]
[White "Taboas Rodriguez, Daniel"]
[Black "Baltaci, Ismail Tarik"]
[WhiteFideId "2208466"]
[BlackFideId "6365213"]
[WhiteElo "2429"]
[BlackElo "2346"]
[Result "1-0"]
[Round "04"]
[TimeControl "180+1"]
[Date "2022.10.12"]
[WhiteClock "0:00:50"]
[BlackClock "0:00:09"]

1. d4 d5 2. c4 e6 3. Nf3 c6 4. Bg5 Nf6 5. e3 Nbd7 6. Nc3 Qa5 7. Nd2 dxc4 8. Bxf6 Nxf6 9. Nxc4 Qc7 10. Bd3 Be7 11. O-O O-O 12. Qc2 b6 13. Rac1 Ba6 14. Ne4 g6 15. Ne5 Bxd3 16. Qxd3 Nxe4 17. Qxe4 c5 18. dxc5 bxc5 19. b4 f5 20. Qf4 Bd6 21. Rxc5 Bxc5 22. bxc5 Rfd8 23. h4 Rd5 24. Nxg6 Qxc5 25. e4 Rd4 26. Qg5 hxg6 27. Qxg6+ Kf8 28. Qf6+ Kg8 29. Rb1 Rad8 30. Rb7 Qc1+ 31. Kh2 Qf4+ 32. Kh3 Rd3+ 33. g3 Qg4+ 34. Kh2 Rf8 35. Qxe6+ Kh8 36. Qh6+ Kg8 37. Qh7# 1-0


[Site "https://www.chess.com"]

[Event "Titled Tuesday Blitz October 11 Late 2022"]
[White "Talibov, Shiroghlan"]
[Black "Ibarra Jerez, Jose Carlos"]
[WhiteFideId "13429078"]
[BlackFideId "2226332"]
[WhiteElo "2242"]
[BlackElo "2627"]
[Result "0-1"]
[Round "04"]
[TimeControl "180+1"]
[Date "2022.10.11"]
[WhiteClock "0:00:05"]
[BlackClock "0:01:02"]

1. c4 e5 2. Nc3 Nc6 3. g3 Bc5 4. Bg2 d6 5. e3 a6 6. Nge2 Ba7 7. d4 exd4 8. Nxd4 Nxd4 9. exd4 Ne7 10. O-O O-O 11. Re1 Nf5 12. d5 Bd7 13. Qd3 Qf6 14. Ne4 Qd4 15. Qxd4 Nxd4 16. Rb1 b5 17. b3 Rfe8 18. Bb2 bxc4 19. bxc4 Bf5 20. Kf1 Rab8 21. Bxd4 Bxd4 22. Rb3 h6 23. Nd2 Rxe1+ 24. Kxe1 Re8+ 25. Kf1 Bc2 26. Ra3 a5 27. Bf3 a4 28. Be2 Bc5 29. Rc3 Bf5 30. Rf3 Bh3+ 31. Ke1 Bg4 0-1


[Site "https://www.chess.com"]

[Event "Titled Tuesday Blitz October 11 Late 2022"]
[White "Tan, Ralph"]
[Black "Shapiro, Daniel"]
[WhiteFideId "30966590"]
[BlackFideId "2001780"]
[WhiteElo "2059"]
[BlackElo "2214"]
[Result "0-1"]
[Round "04"]
[TimeControl "180+1"]
[Date "2022.10.12"]
[WhiteClock "0:00:19"]
[BlackClock "0:00:04"]

1. Nf3 Nf6 2. g3 d5 3. Bg2 e6 4. O-O Be7 5. d4 O-O 6. c3 Nbd7 7. b3 b6 8. Bb2 Bb7 9. Nbd2 c5 10. e3 a5 11. Re1 h6 12. c4 Ne4 13. cxd5 exd5 14. Nxe4 dxe4 15. Nd2 f5 16. Nc4 Qc7 17. Rc1 Bf6 18. Qd2 Rad8 19. Red1 Ne5 20. Nxe5 Bxe5 21. Qe2 Bd6 22. a3 Qe7 23. Qb5 cxd4 24. Bxd4 Bxa3 25. Rb1 Bc5 26. Bc3 Qc7 27. Rxd8 Rxd8 28. Be1 Bc6 29. Qc4+ Bd5 30. Qb5 Qc6 31. Qe2 Bf7 32. g4 g6 33. Rd1 Rxd1 34. Qxd1 Qd5 35. Qa1 Qxb3 36. gxf5 gxf5 37. Qf6 Qd1 38. Qxf5 Qxe1+ 39. Bf1 Qb1 40. Kg2 a4 41. Ba6 a3 42. Bb7 Qb3 43. Bxe4 a2 44. Qh7+ Kf8 45. Qxh6+ Ke8 46. Qc6+ Kf8 47. Qh6+ Ke7 48. Qg5+ Kd6 49. Qf6+ Be6 50. Qf4+ Kd7 51. Qb8 a1=Q 52. Qb7+ Ke8 53. Qb8+ Ke7 54. Qc7+ Bd7 55. Qf4 Qe6 56. h4 Qaf6 57. Qg3 Qff7 58. Bf3 Qef6 59. Qf4 Bd6 60. Qe4+ Q6e6 61. Qa8 Qe5 62. Qe4 Qxe4 63. Bxe4 Be5 64. Kf1 Bf6 65. Bf3 Bxh4 66. Ke2 Bg5 67. Bg4 Bf6 68. Bf3 Be5 69. e4 Bd6 70. e5 Bc5 71. Bg4 Qd5 72. f4 Qe4+ 73. Kf1 Qxf4+ 74. Bf3 Qxf3+ 75. Ke1 Bb4# 0-1


[Site "https://www.chess.com"]

[Event "Titled Tuesday Blitz October 11 Late 2022"]
[White "Tanenbaum, Zachary"]
[Black "Skatchkov, Valery"]
[WhiteFideId "2060850"]
[BlackFideId "24195812"]
[WhiteElo "2709"]
[BlackElo "2491"]
[Result "0-1"]
[Round "04"]
[TimeControl "180+1"]
[Date "2022.10.12"]
[WhiteClock "0:00:05"]
[BlackClock "0:01:43"]

1. e4 e5 2. Nf3 Nf6 3. Nxe5 d6 4. Nf3 Nxe4 5. Nc3 Nxc3 6. dxc3 Be7 7. Be3 O-O 8. Qd2 Nd7 9. O-O-O Nf6 10. Bd3 c5 11. Bf4 Be6 12. a3 b5 13. Ng5 c4 14. Be2 d5 15. Bf3 a5 16. Rhe1 Ra6 17. Nxe6 fxe6 18. Be5 b4 19. a4 Qd7 20. b3 cxb3 21. cxb3 bxc3 22. Bxc3 Rb6 23. Qc2 Rc8 24. Kb2 Qxa4 25. Rxe6 Qa3+ 26. Kb1 Rxb3+ 27. Qxb3 Qxb3+ 28. Bb2 Rc2 0-1


[Site "https://www.chess.com"]

[Event "Titled Tuesday Blitz October 11 Late 2022"]
[White "Tari, Aryan"]
[Black "Vrbljanac, Aleksandar"]
[WhiteFideId "1510045"]
[BlackFideId "932817"]
[WhiteElo "2612"]
[BlackElo "2309"]
[Result "0-1"]
[Round "04"]
[TimeControl "180+1"]
[Date "2022.10.11"]
[WhiteClock "0:00:05"]
[BlackClock "0:00:03"]

1. d4 d5 2. Nf3 Nf6 3. Bf4 c5 4. e3 Nc6 5. Nbd2 cxd4 6. exd4 Bg4 7. c3 e6 8. Qb3 Qc8 9. h3 Bf5 10. g4 Bg6 11. Ne5 Be7 12. h4 Nxe5 13. Bxe5 Nxg4 14. Bxg7 Rg8 15. Bb5+ Kd8 16. h5 Bf5 17. h6 a6 18. Be2 Qc7 19. Nf3 Be4 20. Rg1 Nf6 21. Ne5 Ke8 22. O-O-O Nd7 23. Bh5 Bg6 24. Nxg6 fxg6 25. Bxg6+ hxg6 26. h7 Kf7 27. hxg8=Q+ Rxg8 28. Bh6 g5 29. Qc2 Qf4+ 30. Kb1 Rg6 31. Rh1 Qf5 32. Qxf5+ exf5 33. f4 g4 34. Rdf1 Bd6 35. Bg5 Nf8 36. Kc2 Ne6 37. Rh7+ Rg7 38. Rh5 Kg6 39. Rh6+ Kf7 40. Rf6+ Ke7 41. Rxf5+ Kd7 42. Rg1 Kc6 43. Rxg4 Nxf4 44. Rf6 Nh3 45. Rh4 Nxg5 46. Rf5 Ne4 47. c4 Rg2+ 48. Kb3 Nd2+ 49. Ka4 Nxc4 50. Kb3 Rxb2+ 51. Kc3 Bb4+ 52. Kd3 Rd2# 0-1


[Site "https://www.chess.com"]

[Event "Titled Tuesday Blitz October 11 Late 2022"]
[White "Tarnowska, Aleksandra"]
[Black "Izuzquiza Gonzalez, Javier"]
[WhiteFideId "1180967"]
[BlackFideId "3101029"]
[WhiteElo "1776"]
[BlackElo "2034"]
[Result "1-0"]
[Round "04"]
[TimeControl "180+1"]
[Date "2022.10.12"]
[WhiteClock "0:00:16"]
[BlackClock "0:00:13"]

1. e4 c5 2. Nf3 e6 3. c4 Nc6 4. Nc3 a6 5. d4 cxd4 6. Nxd4 Nge7 7. Be3 g6 8. Be2 Bg7 9. O-O O-O 10. Rc1 d6 11. Nb3 Qc7 12. Qd2 Rd8 13. Bh6 Bd7 14. Rfd1 Be8 15. Bxg7 Kxg7 16. Qf4 Ne5 17. Nb1 b6 18. N1d2 Rac8 19. Nf3 Nxf3+ 20. Qxf3 Nc6 21. Qe3 Ne5 22. f4 Nd7 23. f5 a5 24. Rf1 f6 25. fxe6 Ne5 26. Qf4 Qe7 27. Nd4 Nc6 28. Rfd1 Nxd4 29. Rxd4 Qxe6 30. Rcd1 Rc6 31. b3 Qe5 32. Qxe5 fxe5 33. R4d3 h5 34. h3 Kf6 35. g4 Ke6 36. Kg2 Bf7 37. Rf3 Rf8 38. Rdf1 Rc7 39. Rf6+ Ke7 40. gxh5 gxh5 41. Kh2 Ke8 42. Bxh5 Re7 43. Bxf7+ Rexf7 44. Rxf7 Rxf7 45. Rxf7 Kxf7 46. Kg3 Kg6 47. Kg4 Kf6 48. h4 Kg6 49. h5+ Kf6 50. Kh4 Kf7 51. Kg5 Kg7 52. Kf5 1-0


[Site "https://www.chess.com"]

[Event "Titled Tuesday Blitz October 11 Late 2022"]
[White "Tayar, Jonathan"]
[Black "Castella Garcia, Fausto"]
[WhiteFideId "2606534"]
[BlackFideId "3501922"]
[WhiteElo "2647"]
[BlackElo "2455"]
[Result "1-0"]
[Round "04"]
[TimeControl "180+1"]
[Date "2022.10.12"]
[WhiteClock "0:00:12"]
[BlackClock "0:00:05"]

1. e4 c5 2. Nf3 d6 3. d4 cxd4 4. Nxd4 Nf6 5. Nc3 g6 6. Be3 Bg7 7. f3 O-O 8. Qd2 Nc6 9. O-O-O d5 10. exd5 Nxd5 11. Nxc6 bxc6 12. Bd4 Bxd4 13. Qxd4 Qb6 14. Na4 Qa5 15. b3 Bf5 16. Qc5 Qxc5 17. Nxc5 Bxc2 18. Kxc2 Ne3+ 19. Kc1 Nxd1 20. Kxd1 Rfd8+ 21. Kc2 Rd5 22. Ne4 a5 23. Bc4 Rd4 24. Kc3 Rad8 25. Re1 e6 26. g4 h6 27. h4 Kg7 28. g5 hxg5 29. hxg5 Rd1 30. Rxd1 Rxd1 31. a4 Kf8 32. Be2 Re1 33. Kd2 Rb1 34. Kc2 Re1 35. Kd3 Rb1 36. Kc4 Rc1+ 37. Kd4 Ke7 38. Bc4 Kd7 39. Ke5 Ke7 40. Kf4 Re1 41. Ke5 Re3 42. Kf4 Re1 43. Nc5 e5+ 44. Kg3 f5 45. gxf6+ Kxf6 46. Nb7 e4 47. Kf2 Rb1 48. fxe4 Ke5 49. Nxa5 Kxe4 50. Nxc6 Rb2+ 51. Kg3 g5 52. a5 Ra2 53. a6 Kf5 54. Nb4 Ra1 55. Bb5 g4 56. Ba4 Rd1 57. a7 Rd8 58. Bc6 1-0


[Site "https://www.chess.com"]

[Event "Titled Tuesday Blitz October 11 Late 2022"]
[White "Theodorou, Nikolas"]
[Black "Iliaguev, Nisim"]
[WhiteFideId "4262875"]
[BlackFideId "2817276"]
[WhiteElo "2512"]
[BlackElo "2264"]
[Result "1-0"]
[Round "04"]
[TimeControl "180+1"]
[Date "2022.10.11"]
[WhiteClock "0:00:42"]
[BlackClock "0:00:12"]

1. e4 c6 2. Nf3 d5 3. d3 dxe4 4. dxe4 Qxd1+ 5. Kxd1 Bg4 6. Be2 Bxf3 7. Bxf3 e6 8. Be2 Nd7 9. f3 O-O-O 10. c3 f6 11. Kc2 e5 12. Nd2 a6 13. a4 Ne7 14. Nb3 Ng6 15. Be3 Nf4 16. Bf1 Ne6 17. Rd1 Be7 18. Bc4 Nec5 19. Nxc5 Nxc5 20. a5 Rxd1 21. Rxd1 Rd8 22. Rh1 Nd7 23. h4 Bc5 24. Bc1 Nf8 25. h5 Kd7 26. b4 Bd6 27. Be3 Ke7 28. Bg8 h6 29. Bc4 Ne6 30. g3 Ng5 31. Be2 Bc7 32. Rh4 Kf8 33. Rg4 Bd6 34. Bb6 Rc8 35. Rh4 c5 36. b5 axb5 37. Bxb5 Nxf3 38. Rh1 c4 39. Bd7 Rb8 40. Be6 Ng5 41. Bd5 Ke7 42. Rb1 Kd7 43. Ba7 Rc8 44. Bxb7 Rc7 45. a6 Ne6 46. Bb6 Bc5 47. a7 Rxb7 48. Bxc5 Rxb1 49. a8=Q 1-0


[Site "https://www.chess.com"]

[Event "Titled Tuesday Blitz October 11 Late 2022"]
[White "Thiel, Thomas"]
[Black "Roberson, Peter T"]
[WhiteFideId "4615964"]
[BlackFideId "412384"]
[WhiteElo "2317"]
[BlackElo "2346"]
[Result "0-1"]
[Round "04"]
[TimeControl "180+1"]
[Date "2022.10.12"]
[WhiteClock "0:00:01"]
[BlackClock "0:01:04"]

1. e4 d6 2. d4 Nf6 3. Nc3 c6 4. f4 Qa5 5. e5 Ne4 6. Qf3 f5 7. Bd3 Na6 8. Ne2 Nb4 9. O-O Nxd3 10. cxd3 Nxc3 11. bxc3 Be6 12. c4 g6 13. a4 d5 14. cxd5 Bxd5 15. Qe3 e6 16. Bd2 Bb4 17. Bxb4 Qxb4 18. Rfb1 Qe7 19. Nc3 O-O 20. Nxd5 cxd5 21. Rb5 Rfc8 22. h3 Rc7 23. Rc5 Rac8 24. Rac1 b6 25. Rxc7 Rxc7 26. Rxc7 Qxc7 27. Qd2 Qc6 28. Qd1 Qc3 29. Qf3 Qxd4+ 30. Kh2 Qxa4 31. Qg3 Qd7 32. d4 a5 33. Qb3 b5 34. Qa3 a4 35. Qc5 Kf7 36. h4 Qe7 37. Qxb5 Qxh4+ 38. Kg1 Qe1+ 39. Kh2 Qh4+ 40. Kg1 a3 41. Qb7+ Qe7 42. Qa6 h6 43. Kf2 g5 44. g3 gxf4 45. gxf4 Qh4+ 46. Kg2 Qg4+ 47. Kh1 Qf3+ 48. Kg1 Qe3+ 49. Kh1 Qe4+ 50. Kg1 Qxd4+ 0-1


[Site "https://www.chess.com"]

[Event "Titled Tuesday Blitz October 11 Late 2022"]
[White "Thomforde-Toates, Noah"]
[Black "Carlsen, Magnus"]
[WhiteFideId "30951992"]
[BlackFideId "1503014"]
[WhiteElo "2695"]
[BlackElo "2830"]
[Result "0-1"]
[Round "04"]
[TimeControl "180+1"]
[Date "2022.10.11"]
[WhiteClock "0:00:42"]
[BlackClock "0:02:28"]

1. c4 g5 2. Nc3 Bg7 3. d3 h6 4. e3 c5 5. Nf3 Nc6 6. Be2 d6 7. Nd2 f5 8. h4 Bxc3 9. Bh5+ Kd7 10. bxc3 Nf6 11. Be2 Kc7 12. Nf3 e5 13. Bd2 Bd7 14. Rb1 e4 15. Ng1 Qe7 16. d4 b6 17. Nh3 Rag8 18. g3 Na5 19. h5 Qf7 20. d5 Bc8 21. Rb5 Bd7 22. Rb1 Ng4 23. Bxg4 fxg4 24. Ng1 Nxc4 25. Rh2 Qxd5 26. Bc1 Qe6 27. Qb3 Rf8 28. Qc2 Rf5 29. Qb3 Rhf8 30. Qc2 Ne5 31. Rb2 Nd3+ 32. Kd1 Qc4 0-1


[Site "https://www.chess.com"]

[Event "Titled Tuesday Blitz October 11 Late 2022"]
[White "Timmermans, Mark"]
[Black "Le Goff, Ronan"]
[WhiteFideId "1026399"]
[BlackFideId "612073"]
[WhiteElo "2757"]
[BlackElo "2498"]
[Result "1-0"]
[Round "04"]
[TimeControl "180+1"]
[Date "2022.10.12"]
[WhiteClock "0:01:09"]
[BlackClock "0:00:14"]

1. Nf3 Nf6 2. c4 e6 3. b3 d5 4. e3 Be7 5. Bb2 O-O 6. Nc3 a5 7. a3 c6 8. Be2 Na6 9. O-O Nc5 10. Qc2 Nfe4 11. d3 Nxc3 12. Bxc3 b6 13. Rfb1 Bf6 14. b4 axb4 15. axb4 Rxa1 16. Rxa1 Nd7 17. Ra7 c5 18. b5 Bxc3 19. Qxc3 Nf6 20. Ne5 Bd7 21. h3 Be8 22. Bf1 d4 23. exd4 cxd4 24. Qa3 Qb8 25. Nc6 Bxc6 26. bxc6 Qc8 27. Qd6 Rd8 28. Qe7 Rf8 29. c7 Re8 30. Qd6 Nd7 31. Be2 e5 32. Bf3 Re6 33. Qxd7 Qxd7 34. Ra8+ Re8 35. Rxe8+ Qxe8 36. Bb7 e4 37. c8=Q Qxc8 38. Bxc8 h5 39. Bf5 1-0


[Site "https://www.chess.com"]

[Event "Titled Tuesday Blitz October 11 Late 2022"]
[White "Toncheva, Nadya"]
[Black "Adury, Anant"]
[WhiteFideId "2924056"]
[BlackFideId "30964687"]
[WhiteElo "2101"]
[BlackElo "2318"]
[Result "1/2-1/2"]
[Round "04"]
[TimeControl "180+1"]
[Date "2022.10.12"]
[WhiteClock "0:00:06"]
[BlackClock "0:00:07"]

1. d4 Nf6 2. c4 e6 3. Nc3 Bb4 4. e3 O-O 5. Ne2 Nc6 6. a3 Bxc3+ 7. Nxc3 e5 8. d5 Ne7 9. Bd3 d6 10. O-O a5 11. Bd2 Bf5 12. Bxf5 Nxf5 13. Qc2 Ne7 14. b4 axb4 15. axb4 Qd7 16. Ra2 c6 17. dxc6 bxc6 18. Rfa1 Rxa2 19. Qxa2 d5 20. cxd5 Nexd5 21. Nxd5 Nxd5 22. Qc4 Nb6 23. Qc2 h5 24. Rc1 Rd8 25. Bc3 f6 26. h3 Qd3 27. Qxd3 Rxd3 28. Kf1 Nd5 29. Be1 Ne7 30. Ke2 Rd7 31. Ra1 Kf7 32. Ra6 g5 33. f3 h4 34. Bf2 Rb7 35. Be1 Ke6 36. Bd2 Kd7 37. Ra8 Nd5 38. Rf8 Ke7 39. Rh8 Ke6 40. Re8+ Kf7 41. Rc8 Nxb4 42. Bxb4 Rxb4 43. Rc7+ Kg6 44. Rxc6 e4 45. fxe4 Rxe4 46. Kf3 Rb4 47. e4 Rb3+ 48. Kf2 Kf7 49. Ra6 Ke7 50. Ke2 Rb2+ 51. Kf3 Rb3+ 52. Kg4 Rg3+ 53. Kf5 Rxg2 54. Ra7+ Kd6 55. Kxf6 Rf2+ 56. Kxg5 Ke5 57. Re7+ Kd6 58. Re8 Rg2+ 59. Kxh4 Rg1 60. Kh5 Rg2 61. h4 Rg1 62. Kh6 Kd7 63. Ra8 Ke6 64. h5 Kf7 65. Ra7+ Kf6 66. Ra6+ Kf7 67. Rg6 Re1 68. Rg4 Ra1 69. Kh7 Ra5 70. Rf4+ Ke7 71. h6 Rg5 72. Kh8 Rg1 73. h7 Rg2 74. e5 Rg1 75. Rf5 Rg2 76. Rf3 Rg1 77. Ra3 Rg5 78. Ra7+ Ke8 79. Rg7 Rxe5 80. Rg8+ Kf7 81. Rg7+ Kf8 82. Rg8+ Kf7 83. Rg7+ Kf8 84. Rg1 Rf5 85. Rg8+ Kf7 86. Rg7+ Kf8 87. Rg8+ Kf7 88. Rg7+ Kf8 89. Rg8+ 1/2-1/2


[Site "https://www.chess.com"]

[Event "Titled Tuesday Blitz October 11 Late 2022"]
[White "Vazquez, Guillermo"]
[Black "Mekhane, Adam"]
[WhiteFideId "3702308"]
[BlackFideId "36050601"]
[WhiteElo "2543"]
[BlackElo "2175"]
[Result "1-0"]
[Round "04"]
[TimeControl "180+1"]
[Date "2022.10.11"]
[WhiteClock "0:00:05"]
[BlackClock "0:00:01"]

1. b3 e5 2. Bb2 Nc6 3. c4 Nf6 4. e3 Be7 5. a3 O-O 6. Qc2 d5 7. cxd5 Nxd5 8. Nf3 Bf6 9. d3 g6 10. Nbd2 Be6 11. Be2 Bg7 12. b4 a6 13. Rc1 h6 14. Ne4 Qe7 15. Qc5 Qxc5 16. Nxc5 Bc8 17. Nd2 Nde7 18. Bf3 b6 19. Ncb3 Bb7 20. Ba1 Rfd8 21. Ke2 f5 22. Rhd1 Rd7 23. Nc4 Rad8 24. Rb1 Ba8 25. g3 Nd5 26. Rbc1 Nde7 27. Bh1 h5 28. f4 exf4 29. gxf4 Bxa1 30. Rxa1 Nd5 31. Bxd5+ Rxd5 32. Rac1 Re8 33. Kf2 Rd7 34. d4 Kh7 35. Ne5 Nxe5 36. dxe5 Red8 37. Rxd7+ Rxd7 38. Nd4 Kg7 39. Rxc7 Rxc7 40. Ne6+ Kf7 41. Nxc7 Bb7 42. Ke2 Ke7 43. b5 a5 44. Kd3 Kd7 45. Na6 Ke6 46. Kd4 h4 47. Nc7+ Kd7 48. Nd5 1-0


[Site "https://www.chess.com"]

[Event "Titled Tuesday Blitz October 11 Late 2022"]
[White "Vlassov, Nikolai"]
[Black "Bogaudinov, Rushan"]
[WhiteFideId "4103360"]
[BlackFideId "4129288"]
[WhiteElo "2677"]
[BlackElo "2450"]
[Result "1-0"]
[Round "04"]
[TimeControl "180+1"]
[Date "2022.10.12"]
[WhiteClock "0:00:24"]
[BlackClock "0:00:04"]

1. e4 a6 2. d4 e6 3. Nf3 Nf6 4. Bd3 b5 5. e5 Ng8 6. Be4 Ra7 7. Be3 Bb7 8. d5 Ra8 9. dxe6 Bxe4 10. exf7+ Kxf7 11. Ng5+ Ke8 12. Nxe4 Nc6 13. f4 Bb4+ 14. c3 Be7 15. O-O d5 16. exd6 Bxd6 17. Nxd6+ Qxd6 18. Qxd6 cxd6 19. Nd2 Nf6 20. a4 Kf7 21. Nf3 Rhe8 22. Bd4 b4 23. Rfe1 Nd5 24. g3 h6 25. Kf2 Na5 26. Rad1 Rxe1 27. Kxe1 Re8+ 28. Kf2 bxc3 29. Bxc3 Nxc3 30. bxc3 Nc4 31. Rd4 Rc8 32. Ke2 Ke6 33. Re4+ Kd7 34. Nd4 Rb8 35. Nf5 g6 36. Nxh6 Rb2+ 37. Kd3 d5 38. Re2 Rb3 39. Kd4 Kc6 40. Re6+ Nd6 41. Nf7 Kd7 42. Rxd6+ Ke7 43. Rxg6 Kxf7 44. Rxa6 Rb2 45. Kxd5 Rxh2 46. g4 Rd2+ 47. Ke5 Rc2 48. Ra7+ Kg6 49. f5+ Kg5 50. Rg7+ Kh4 51. f6 Rxc3 52. f7 Rf3 53. a5 Rf1 54. a6 Re1+ 55. Kd4 Rd1+ 56. Ke3 Re1+ 57. Kd2 Re7 58. f8=Q Re2+ 59. Kxe2 Kg3 60. Qf3+ 1-0


[Site "https://www.chess.com"]

[Event "Titled Tuesday Blitz October 11 Late 2022"]
[White "Vovk, Orest"]
[Black "Aldokhin, Ivan"]
[WhiteFideId "14113490"]
[BlackFideId "24115720"]
[WhiteElo "2422"]
[BlackElo "2594"]
[Result "0-1"]
[Round "04"]
[TimeControl "180+1"]
[Date "2022.10.12"]
[WhiteClock "0:01:37"]
[BlackClock "0:01:35"]

1. d4 Nf6 2. Bg5 e6 3. Bxf6 Qxf6 4. e4 d6 5. Nf3 Nd7 6. Bd3 g6 7. Qe2 Bg7 8. O-O O-O 9. Nc3 a6 10. e5 dxe5 11. Ne4 Qe7 12. c3 f5 13. Neg5 e4 14. Bc4 Nb6 15. Nxe4 Nxc4 16. Nfd2 Nxd2 17. Nxd2 e5 18. dxe5 Qxe5 19. Qc4+ Be6 20. Qb4 Bd5 21. Rfe1 Qd6 22. Qxd6 cxd6 23. Rad1 Rfe8 24. Rxe8+ Rxe8 25. Nf1 Bxa2 26. Rxd6 Re1 27. Rd8+ Bf8 28. Re8 Rxe8 0-1


[Site "https://www.chess.com"]

[Event "Titled Tuesday Blitz October 11 Late 2022"]
[White "Vujcic, Milena"]
[Black "Shohat, Yotam"]
[WhiteFideId "954748"]
[BlackFideId "2813955"]
[WhiteElo "1931"]
[BlackElo "2199"]
[Result "1/2-1/2"]
[Round "04"]
[TimeControl "180+1"]
[Date "2022.10.12"]
[WhiteClock "0:01:05"]
[BlackClock "0:02:33"]

1. e4 c5 2. Nf3 d6 3. d4 cxd4 4. Nxd4 Nf6 5. Nc3 a6 6. Bg5 e6 7. f4 Nbd7 8. Qf3 Qc7 9. O-O-O b5 10. e5 Bb7 11. Qh3 dxe5 12. Nxe6 fxe6 13. Qxe6+ Be7 14. Bxb5 axb5 15. Nxb5 Qc6 16. Nd6+ Kd8 17. Nf7+ Ke8 18. Nd6+ Kd8 19. Nf7+ Ke8 20. Nd6+ Kd8 1/2-1/2


[Site "https://www.chess.com"]

[Event "Titled Tuesday Blitz October 11 Late 2022"]
[White "Wadsworth, Matthew J"]
[Black "Zhigalko, Sergei"]
[WhiteFideId "415804"]
[BlackFideId "13502956"]
[WhiteElo "2367"]
[BlackElo "2662"]
[Result "0-1"]
[Round "04"]
[TimeControl "180+1"]
[Date "2022.10.11"]
[WhiteClock "0:00:02"]
[BlackClock "0:00:06"]

1. c4 e5 2. g3 Nf6 3. Bg2 c6 4. d4 exd4 5. Qxd4 Na6 6. Nf3 Bc5 7. Qe5+ Be7 8. O-O O-O 9. Nc3 Re8 10. Rd1 Nc5 11. Qd4 a5 12. Qd2 Qb6 13. Qc2 d6 14. Be3 Qc7 15. h3 h6 16. b3 Bf8 17. Bd4 Nfe4 18. Nxe4 Nxe4 19. Nh4 Ng5 20. Kh2 Bd7 21. f4 Ne6 22. Bb2 Rad8 23. Nf5 d5 24. Be5 Qb6 25. cxd5 cxd5 26. Qb2 Bc6 27. Rac1 d4 28. Bxc6 bxc6 29. Nxd4 f6 30. Nxe6 Qf2+ 31. Kh1 Rxd1+ 32. Rxd1 Rxe6 33. Bd4 Qxg3 34. Rd3 Qxf4 35. Rf3 Qe4 36. Be3 Qd5 37. Qc3 Qd1+ 38. Bg1 Qxe2 39. Rg3 Qe4+ 40. Kh2 Bd6 0-1


[Site "https://www.chess.com"]

[Event "Titled Tuesday Blitz October 11 Late 2022"]
[White "Wagner, Dennis"]
[Black "Zeynalli, Rashad"]
[WhiteFideId "24650684"]
[BlackFideId "13403320"]
[WhiteElo "2777"]
[BlackElo "2575"]
[Result "0-1"]
[Round "04"]
[TimeControl "180+1"]
[Date "2022.10.12"]
[WhiteClock "0:00:03"]
[BlackClock "0:00:12"]

1. d4 Nf6 2. c4 e6 3. Nf3 d5 4. Nc3 c5 5. e3 Nc6 6. a3 Ne4 7. cxd5 Nxc3 8. bxc3 exd5 9. h3 Bd6 10. Bd3 c4 11. Bc2 f5 12. a4 Qe7 13. O-O O-O 14. Rb1 Kh8 15. Re1 Rg8 16. Nh2 g5 17. Qh5 Be6 18. Nf1 Bf7 19. Qe2 Be6 20. Ng3 Raf8 21. Qh5 Rg6 22. Bd2 Qg7 23. Rb5 b6 24. Qf3 g4 25. hxg4 Rxg4 26. Rxd5 Bxg3 27. Rxf5 Bxf5 28. Bxf5 Rg5 29. e4 Bh4 30. Qh3 Ne7 31. Bxg5 Bxg5 32. Bg4 Qf6 33. Re2 a6 34. g3 b5 35. f4 Bxf4 36. gxf4 Qxf4 37. e5 Qc1+ 38. Kh2 Ng6 39. Qg3 b4 40. cxb4 c3 41. e6 c2 42. e7 Re8 43. d5 Qf4 44. Qxf4 Nxf4 45. Rxc2 Nxd5 46. b5 axb5 47. axb5 Ne3 48. Bf3 Nxc2 49. b6 Rxe7 50. Bc6 Rf7 51. b7 Rf8 52. Bd7 Rb8 53. Bc8 Nd4 54. Kg3 Nc6 55. Kf4 Na5 56. Ke5 Nxb7 57. Bf5 Nc5 58. Kd5 Nb3 59. Kc4 Kg7 60. Be4 h6 61. Bc2 Na5+ 62. Kd5 Rc8 63. Ba4 Rd8+ 64. Ke6 Nc4 65. Ke7 Rd6 66. Bb3 Rd4 67. Ke6 Re4+ 68. Kd5 Rf4 69. Bxc4 Kg6 70. Bd3+ Kg5 71. Ke5 h5 72. Bb5 h4 73. Bd7 Rb4 74. Bc8 Rc4 75. Bd7 Kh5 76. Be6 Rb4 77. Bd7 Rg4 78. Be8+ Kg5 79. Bd7 h3 80. Bc6 Kh4 81. Bf3 Kg3 82. Bxg4 Kxg4 83. Ke4 h2 0-1


[Site "https://www.chess.com"]

[Event "Titled Tuesday Blitz October 11 Late 2022"]
[White "Wieczorek, Oskar"]
[Black "Dubov, Daniil"]
[WhiteFideId "1133950"]
[BlackFideId "24126055"]
[WhiteElo "2404"]
[BlackElo "2791"]
[Result "1/2-1/2"]
[Round "04"]
[TimeControl "180+1"]
[Date "2022.10.11"]
[WhiteClock "0:02:07"]
[BlackClock "0:01:32"]

1. e4 e5 2. Nf3 Nc6 3. Nc3 Nf6 4. h3 d5 5. exd5 Nxd5 6. Bb5 Nxc3 7. bxc3 Bd6 8. O-O O-O 9. d4 exd4 10. cxd4 h6 11. c4 Qf6 12. Bb2 Qg6 13. c5 Bf4 14. Qb3 Ne7 15. d5 Rd8 16. Rad1 Qh5 17. Qc3 Qg6 1/2-1/2


[Site "https://www.chess.com"]

[Event "Titled Tuesday Blitz October 11 Late 2022"]
[White "Yuan, Qingyu"]
[Black "Yi, Richard"]
[WhiteFideId "8609772"]
[BlackFideId "2079518"]
[WhiteElo "2731"]
[BlackElo "2550"]
[Result "1-0"]
[Round "04"]
[TimeControl "180+1"]
[Date "2022.10.12"]
[WhiteClock "0:01:04"]
[BlackClock "0:00:36"]

1. d4 d5 2. Bf4 c5 3. c3 Nc6 4. e3 cxd4 5. exd4 Nf6 6. Bd3 Bg4 7. Ne2 e6 8. Qb3 Qd7 9. Nd2 Be7 10. Ng3 Nh5 11. Be3 O-O 12. f3 Nxg3 13. Bxh7+ Kxh7 14. hxg3+ Kg8 15. fxg4 Rac8 16. O-O-O a5 17. Rh3 f5 18. gxf5 Rxf5 19. g4 Rff8 20. Rdh1 Nb4 21. Kb1 a4 22. Qd1 Nd3 23. Rh8+ Kf7 24. Qf1+ Kg6 25. Qxd3+ 1-0


[Site "https://www.chess.com"]

[Event "Titled Tuesday Blitz October 11 Late 2022"]
[White "Yurovskykh, Oleksandr"]
[Black "Mickiewicz, Piotr"]
[WhiteFideId "14134020"]
[BlackFideId "1114891"]
[WhiteElo "2303"]
[BlackElo "2246"]
[Result "1/2-1/2"]
[Round "04"]
[TimeControl "180+1"]
[Date "2022.10.12"]
[WhiteClock "0:00:22"]
[BlackClock "0:00:18"]

1. d4 Nf6 2. Nf3 e6 3. Bf4 b6 4. e3 Bb7 5. Nbd2 Be7 6. h3 d6 7. Bd3 c5 8. c3 Nbd7 9. Bh2 a6 10. a4 O-O 11. O-O Qc7 12. Qe2 Rfe8 13. e4 e5 14. dxe5 Nxe5 15. Nxe5 dxe5 16. Nc4 Bf8 17. f3 Nh5 18. Ne3 Nf4 19. Qc2 c4 20. Nxc4 b5 21. axb5 axb5 22. Na3 b4 23. cxb4 Qb6+ 24. Kh1 Qxb4 25. Bxf4 exf4 26. Nb5 Rec8 27. Qe2 Bc5 28. Rxa8 Rxa8 29. Bc4 Be3 30. b3 Bc6 31. Nc7 Ra7 32. Nd5 Bxd5 33. Bxd5 g6 34. Rd1 Qc3 35. Bc4 Ra1 36. Rxa1 Qxa1+ 37. Qf1 Qb2 38. Qe1 Kg7 39. Qe2 Qc1+ 40. Qf1 Qb2 41. Qe2 Qc1+ 42. Qf1 Qb2 43. Qe2 1/2-1/2


[Site "https://www.chess.com"]

[Event "Titled Tuesday Blitz October 11 Late 2022"]
[White "Zaloznyy, Mike"]
[Black "Evdokimov, Alexey"]
[WhiteFideId "2023075"]
[BlackFideId "24162450"]
[WhiteElo "2126"]
[BlackElo "2154"]
[Result "0-1"]
[Round "04"]
[TimeControl "180+1"]
[Date "2022.10.12"]
[WhiteClock "0:00:25"]
[BlackClock "0:00:30"]

1. e4 c6 2. Bc4 d5 3. Bb3 dxe4 4. Qh5 g6 5. Qh4 Nf6 6. Nc3 Bf5 7. f3 e3 8. dxe3 Bg7 9. e4 Bc8 10. Bh6 O-O 11. Nh3 Bxh3 12. Qxh3 Na6 13. Rd1 Qc7 14. Be3 Rad8 15. O-O Nd7 16. Qg3 Qxg3 17. hxg3 Ndc5 18. Bc4 b5 19. Be2 b4 20. Bxa6 Nxa6 21. Na4 c5 22. Nxc5 Nxc5 23. Bxc5 Bxb2 24. Bxe7 Rxd1 25. Rxd1 Rc8 26. Rd8+ Rxd8 27. Bxd8 Kf8 28. Kf2 Ke8 29. Ba5 Bc3 30. a3 Bd4+ 31. Ke2 bxa3 32. c3 a2 33. cxd4 a1=Q 34. Bc3 Qxc3 0-1


[Site "https://www.chess.com"]